 Dungeon Crawl Stone Soup version 0.21.1-1-g345015f (webtiles) character file.

2769 tidbits the Martial Artist (level 9, -3/68 HPs)
             Began as a Gnoll Transmuter on Feb 10, 2018.
             Was a Believer of Cheibriados.
             Slain by a slime creature (11 damage)
             ... on level 10 of the Dungeon.
             The game lasted 00:21:03 (1998 turns).

tidbits the Martial Artist (Gnoll Transmuter)       Turns: 1998, Time: 00:21:04

Health: -3/68      AC:  6    Str: 17 (18) XL:     9   Next: 69%
Magic:  19/19      EV: 15    Int: 22 (25) God:    Cheibriados [**....]
Gold:   415        SH:  4    Dex: 20 (22) Spells: 7/21 levels left

rFire    . . .     SeeInvis .   a - +2 hand axe (elec)
rCold    . . .     Gourm    .   (no shield)
rNeg     . . .     Faith    .   B - +0 ring mail {rPois}
rPois    +         Spirit   .   (no helmet)
rElec    .         Reflect  +   (no cloak)
rCorr    .         Harm     .   (no gloves)
MR       .....                  (no boots)
Stlth    ++........             k - +4 amulet of reflection
HPRegen  0.21/turn              (no ring)
MPRegen  0.16/turn              (no ring)

@: appendage, flying, very slow
A: distributed training, fangs 1, horns 2, strong nose
a: End Transformation, Bend Time, Renounce Religion


You were on level 10 of the Dungeon.
You worshipped Cheibriados.
Cheibriados was pleased with you.
You were not hungry.
You had grown temporary horns.
You visited 2 branches of the dungeon, and saw 11 of its levels.
You also visited: Ossuary.

You collected 415 gold pieces.

Inventory:

Hand Weapons
 a - a +2 hand axe of electrocution (weapon)
   (You found it on level 1 of the Dungeon)
 b - a +3 dagger of freezing
   (You took it off a wight on level 7 of the Dungeon)
 g - a +0 blowgun
 h - a +0 dagger
 o - a +0 morningstar
 p - a cursed -2 hunting sling
 x - a +2 dagger of protection
   (You took it off an orc wizard on level 6 of the Dungeon)
 H - a +0 dagger of electrocution
   (You took it off an orc wizard on level 9 of the Dungeon)
Missiles
 f - 19 stones (quivered)
 i - 17 arrows
 z - 50 sling bullets
 C - 2 throwing nets {!f}
 E - 18 poisoned needles
 G - 3 curare-tipped needles
 K - 4 tomahawks of returning
Armour
 l - a +0 shield
 y - a +0 robe
 B - a +0 ring mail of poison resistance (worn)
   (You took it off Joseph on level 9 of the Dungeon)
Magical Staves
 w - an uncursed staff of cold
   (You found it on level 4 of the Dungeon)
Jewellery
 k - a +4 amulet of reflection (around neck)
   (You found it on level 2 of the Dungeon)
Scrolls
 m - 3 scrolls of teleportation
 r - 3 scrolls of remove curse
 A - a scroll of enchant armour
 F - 3 scrolls of holy word
 I - a scroll of fear {unknown}
 J - 3 scrolls of acquirement {unknown}
Potions
 e - a potion of haste
 n - a potion of heal wounds
 q - a potion of flight
 s - 2 potions of degeneration
 u - a potion of magic
 v - 2 potions of lignification
 D - 2 potions of curing
Books
 c - a book of Changes

   Spells                             Type                      Level
   a - Beastly Appendage              Transmutation                1
   b - Sticks to Snakes               Transmutation                2
   c - Spider Form                    Transmutation/Poison         3
   d - Ice Form                       Ice/Transmutation            4
   e - Blade Hands                    Transmutation                5
 j - a book of Minor Magic
   (You found it on level 5 of the Dungeon)

   Spells                             Type                      Level
   a - Magic Dart                     Conjuration                  1
   b - Blink                          Translocation                2
   c - Call Imp                       Summoning                    2
   d - Slow                           Hexes                        2
   e - Conjure Flame                  Conjuration/Fire             3
   f - Mephitic Cloud                 Conjuration/Poison/Air       3
Comestibles
 d - 5 rations


   Skills:
 + Level 5.2 Fighting
 + Level 4.4 Short Blades
 + Level 4.4 Long Blades
 + Level 4.4 Axes
 + Level 4.4 Maces & Flails
 + Level 4.4 Polearms
 + Level 4.4 Staves
 + Level 4.4 Slings
 + Level 4.4 Bows
 + Level 4.4 Crossbows
 + Level 4.4 Throwing
 + Level 4.4 Armour
 + Level 6.4 Dodging
 + Level 4.4 Stealth
 + Level 4.4 Shields
 + Level 8.0 Unarmed Combat
 + Level 6.7 Spellcasting
 + Level 3.6 Conjurations
 + Level 3.6 Hexes
 + Level 3.6 Charms
 + Level 3.6 Summonings
 + Level 3.6 Necromancy
 + Level 3.6 Translocations
 + Level 5.3 Transmutations
 + Level 3.6 Fire Magic
 + Level 3.6 Ice Magic
 + Level 3.6 Air Magic
 + Level 3.6 Earth Magic
 + Level 3.6 Poison Magic
 + Level 4.9 Invocations
 + Level 4.4 Evocations


You had 7 spell levels left.
You knew the following spells:

 Your Spells              Type           Power        Failure   Level  Hunger
b - Blink                 Tloc           N/A          4%          2    None
c - Conjure Flame         Conj/Fire      ###.....     10%         3    #......
e - Beastly Appendage     Tmut           ####..       1%          1    None
k - Sticks to Snakes      Tmut           ####....     2%          2    None
m - Mephitic Cloud        Conj/Pois/Air  ###.....     10%         3    #......
p - Spider Form           Tmut/Pois      ####......   7%          3    #......


Dungeon Overview and Level Annotations

Branches:
Dungeon (10/15)            Temple (1/1) D:4
   Lair: D:8-11         Orc: D:9-12

Altars:
Ashenzari
Cheibriados
Gozag
Makhleb
Okawaru
Ru
Trog
Yredelemnul
The Shining One
Jiyva

Annotations:
D:3 IjonTichy1's ghost, amateur HOMo
D:10 1 transporter, exclusion: killer bee


Innate Abilities, Weirdness & Mutations

Your experience applies equally to all skills.
You have very sharp teeth.
Your uncanny sense of smell can sniff out nearby items.
You have a pair of horns on your head.


Message History

There is an open door, spattered with blood here.
Items here: (( )) ††
K - 4 tomahawks of returning (gained 1)
Items here: ) ††† a short sword; a kobold corpse x3
You swap places.
There is an open door, spattered with blood here.
Items here: ( )) †† a short sword; a long sword; a stone; a kobold corpse x2
Items here: ( )) [ a giant club; a dagger; a robe; a stone You feel yourself slow down.
Your transformation is almost over.
You see here a potion of lignification.
v - 2 potions of lignification (gained 1)
Your talons disappear.
You open the door.
Your ball python withers and dies!
A quokka comes into view.
Your ball python withers and dies!
There is an open door here.
The quokka completely misses you. You block the quokka's attack.
Found a transporter.
Unknown command.
Casting: Sticks to Snakes
Confirm with . or Enter, or press ? or * to list all spells.
You grow a pair of large bovine horns.
The quokka bites you but does no damage.
You closely miss the quokka. Your headbutt misses the quokka.
The quokka bites you. You block the quokka's attack.
You closely miss the quokka. You punch the quokka, but do no damage.
You bite the quokka.
The quokka is heavily wounded.
The quokka misses you.
You hit the quokka. Lightning courses through the quokka!
You kill the quokka!
Cheibriados thoroughly appreciates the change of pace.
You open the door.
There is an open door here.
Found 31 gold pieces and a runed glaive.
Found 35 gold pieces.
Found a viscous altar of Jiyva.
There is a transporter here.
You enter the transporter and appear at another place. 5 slime creatures and an eye of devastation come into view.
The slime creature quivers.
A slime creature suddenly disappears!
Found a faintly glowing spear, a pitted hunting sling and 15 gold pieces.
Found a transporter.
Unknown command.
Unknown command.
It was a potion of flight.
You feel very buoyant.
You fly up into the air.
The slime creature quivers.
It was a potion of ambrosia.
You are confused.
You feel invigorated.
The eye of devastation turns its gaze towards you.
The slime creature quivers. x3
The slime creature moves out of view.
Unknown command.
Unknown command.
Okay, then.
The slime creature quivers.
Two slime creatures merge to form a large slime creature.
Found 28 bolts.
Unknown command.
The slime creature hits you!
The slime creature hits you but does no damage.
Unknown command.
Okay, then.
You're too confused to move!
The slime creature hits you.
Two slime creatures merge to form a large slime creature.
The slime creature hits you but does no damage.
A large slime creature splits.
You hit the large slime creature. You headbutt the large slime creature.
The large slime creature is lightly wounded.
You hit the slime creature.
Lightning courses through the slime creature!
You slash the slime creature!
Lightning courses through the slime creature!
The slime creature hits you. The slime creature hits you!
Two slime creatures merge to form a large slime creature.
Two slime creatures merge to form a very large slime creature.
Unknown command.
The slime creature hits you!
* * * LOW HITPOINT WARNING * * *
A very large slime creature splits.
The slime creature hits you.
* * * LOW HITPOINT WARNING * * *
Unknown command.
You're too confused!
You're too confused!
Unknown command.
Unknown command.
You feel better.
You feel less invigorated. The large slime creature hits you!!
* * * LOW HITPOINT WARNING * * *
The large slime creature hits you.
* * * LOW HITPOINT WARNING * * *
The slime creature hits you!
You die...

.... ... ##+## .....
..... ..... ####### ###
##....####### ##.### ##
'...........###J@#.#..##
#...........##.JJJ....©#
#...†.......####.$$$.###
#..........©###©.$_)..##
#####...###.####.)$).###
##'## ..# ........# ∆
#...#...# ..#.#..##
#...#...# ##.###.##
#...#.... ### #


You could see 2 large slime creatures and 2 slime creatures.

Vanquished Creatures
  Pikel (D:5)
  Joseph (D:9)
  A sky beast (D:6)
  An orc warrior (D:10)
  A slave (D:5)
  6 ogres
  2 centaurs (D:9)
  2 big kobolds
  3 scorpions
  A howler monkey (D:4)
  3 wights (D:7)
  3 orc priests
  A gnoll shaman (D:9)
  2 hounds (D:4)
  An iguana (D:9)
  5 orc wizards
  2 worker ants
  2 big kobold zombies (Ossuary)
  A hound zombie (D:7)
  A hound skeleton (D:10)
  8 mummies (Ossuary)
  4 adders
  11 gnolls
  A worm (D:4)
  3 leopard geckos
  8 orcs
  3 giant cockroaches
  A goblin (D:3)
  A hobgoblin (D:3)
  5 jackals
  A quokka (D:10)
  A bat (D:1)
  2 frilled lizards
  A gnoll zombie (Ossuary)
  2 hobgoblin zombies (Ossuary)
  14 kobolds
  2 kobold zombies (Ossuary)
  A leopard gecko skeleton (D:5)
  An orc zombie (Ossuary)
  2 rats (D:2)
112 creatures vanquished.

Vanquished Creatures (collateral kills)
  A centaur skeleton (D:4)
  An orc wizard (D:4)
  A gnoll (D:9)
  A kobold (D:9)
  2 frilled lizards (D:4)
6 creatures vanquished.

Vanquished Creatures (others)
  A slave (D:7)
  An orc (D:7)
2 creatures vanquished.

Grand Total: 120 creatures vanquished

Notes
Turn   | Place    | Note
-------+----------+-------------------------------------------
     0 | D:1      | tidbits the Gnoll Transmuter began the quest for the Orb.
     0 | D:1      | Reached XP level 1. HP: 17/17 MP: 6/6
   249 | D:2      | Reached XP level 2. HP: 8/23 MP: 5/7
   323 | D:3      | Reached XP level 3. HP: 15/28 MP: 7/9
   326 | D:3      | Noticed IjonTichy1's ghost (amateur HOMo)
   334 | D:4      | Noticed an ogre
   341 | D:5      | Entered Level 5 of the Dungeon
   346 | D:5      | Reached skill level 5 in Spellcasting
   349 | D:5      | Reached skill level 1 in Invocations
   359 | D:5      | Learned a level 2 spell: Sticks to Snakes
   363 | D:5      | Learned a level 3 spell: Spider Form
   374 | D:5      | Learned a level 3 spell: Conjure Flame
   378 | D:5      | Learned a level 3 spell: Mephitic Cloud
   446 | D:5      | Noticed a slave
   448 | D:5      | Noticed a slave
   448 | D:5      | Noticed Pikel
   448 | D:5      | Noticed a slave
   450 | D:5      | Noticed an ogre
   451 | D:5      | Noticed a slave
   455 | D:5      | Killed a slave
   459 | D:5      | Killed an ogre
   459 | D:5      | Reached skill level 1 in Short Blades
   459 | D:5      | Reached skill level 1 in Long Blades
   459 | D:5      | Reached skill level 1 in Axes
   459 | D:5      | Reached skill level 1 in Maces & Flails
   459 | D:5      | Reached skill level 1 in Polearms
   459 | D:5      | Reached skill level 1 in Staves
   459 | D:5      | Reached skill level 1 in Slings
   459 | D:5      | Reached skill level 1 in Bows
   459 | D:5      | Reached skill level 1 in Crossbows
   459 | D:5      | Reached skill level 1 in Throwing
   459 | D:5      | Reached skill level 1 in Armour
   459 | D:5      | Reached skill level 1 in Stealth
   459 | D:5      | Reached skill level 1 in Shields
   459 | D:5      | Reached skill level 1 in Conjurations
   459 | D:5      | Reached skill level 1 in Hexes
   459 | D:5      | Reached skill level 1 in Charms
   459 | D:5      | Reached skill level 1 in Summonings
   459 | D:5      | Reached skill level 1 in Necromancy
   459 | D:5      | Reached skill level 1 in Translocations
   459 | D:5      | Reached skill level 1 in Fire Magic
   459 | D:5      | Reached skill level 1 in Ice Magic
   459 | D:5      | Reached skill level 1 in Air Magic
   459 | D:5      | Reached skill level 1 in Earth Magic
   459 | D:5      | Reached skill level 1 in Poison Magic
   459 | D:5      | Reached skill level 1 in Evocations
   459 | D:5      | Reached XP level 4. HP: 31/34 MP: 3/11
   459 | D:5      | Reached XP level 5. HP: 37/40 MP: 3/12
   469 | D:5      | Killed Pikel
   469 | D:5      | Reached skill level 3 in Fighting
   469 | D:5      | Reached skill level 2 in Short Blades
   469 | D:5      | Reached skill level 2 in Long Blades
   469 | D:5      | Reached skill level 2 in Axes
   469 | D:5      | Reached skill level 2 in Maces & Flails
   469 | D:5      | Reached skill level 2 in Polearms
   469 | D:5      | Reached skill level 2 in Staves
   469 | D:5      | Reached skill level 2 in Slings
   469 | D:5      | Reached skill level 2 in Bows
   469 | D:5      | Reached skill level 2 in Crossbows
   469 | D:5      | Reached skill level 2 in Throwing
   469 | D:5      | Reached skill level 2 in Armour
   469 | D:5      | Reached skill level 5 in Dodging
   469 | D:5      | Reached skill level 2 in Stealth
   469 | D:5      | Reached skill level 2 in Shields
   469 | D:5      | Reached skill level 7 in Unarmed Combat
   469 | D:5      | Reached skill level 4 in Transmutations
   469 | D:5      | Reached skill level 2 in Invocations
   469 | D:5      | Reached skill level 2 in Evocations
   469 | D:5      | Reached XP level 6. HP: 36/47 MP: 2/14
   469 | D:5      | Reached XP level 7. HP: 40/52 MP: 2/15
   512 | D:4      | Reached skill level 2 in Conjurations
   512 | D:4      | Reached skill level 2 in Hexes
   512 | D:4      | Reached skill level 2 in Charms
   512 | D:4      | Reached skill level 2 in Summonings
   512 | D:4      | Reached skill level 2 in Necromancy
   512 | D:4      | Reached skill level 2 in Translocations
   512 | D:4      | Reached skill level 2 in Fire Magic
   512 | D:4      | Reached skill level 2 in Ice Magic
   512 | D:4      | Reached skill level 2 in Air Magic
   512 | D:4      | Reached skill level 2 in Earth Magic
   512 | D:4      | Reached skill level 2 in Poison Magic
   553 | D:4      | Found a bloodstained altar of Trog.
   590 | D:4      | Reached skill level 3 in Invocations
   617 | D:4      | Found a staircase to the Ecumenical Temple.
   626 | Temple   | Entered the Ecumenical Temple
   635 | Temple   | Became a worshipper of Cheibriados the Contemplative
   647 | Temple   | Learned a level 2 spell: Blink
   744 | D:4      | Reached XP level 8. HP: 35/60 MP: 13/16
   747 | D:4      | Found a sand-covered staircase.
   752 | Ossuary  | Entered an ossuary
   779 | Ossuary  | Reached skill level 4 in Fighting
   782 | Ossuary  | Reached skill level 3 in Short Blades
   782 | Ossuary  | Reached skill level 3 in Long Blades
   782 | Ossuary  | Reached skill level 3 in Axes
   782 | Ossuary  | Reached skill level 3 in Maces & Flails
   782 | Ossuary  | Reached skill level 3 in Polearms
   782 | Ossuary  | Reached skill level 3 in Staves
   782 | Ossuary  | Reached skill level 3 in Slings
   782 | Ossuary  | Reached skill level 3 in Bows
   782 | Ossuary  | Reached skill level 3 in Crossbows
   782 | Ossuary  | Reached skill level 3 in Throwing
   782 | Ossuary  | Reached skill level 3 in Armour
   782 | Ossuary  | Reached skill level 3 in Stealth
   782 | Ossuary  | Reached skill level 3 in Shields
   782 | Ossuary  | Reached skill level 3 in Evocations
   963 | D:4      | Reached skill level 6 in Spellcasting
   999 | D:3      | Reached * piety under Cheibriados
  1297 | D:7      | Found a glowing golden altar of the Shining One.
  1498 | D:9      | Reached skill level 4 in Invocations
  1504 | D:9      | Noticed Joseph
  1519 | D:9      | Killed Joseph
  1519 | D:9      | Reached skill level 6 in Dodging
  1519 | D:9      | Reached skill level 3 in Conjurations
  1519 | D:9      | Reached skill level 3 in Hexes
  1519 | D:9      | Reached skill level 3 in Charms
  1519 | D:9      | Reached skill level 3 in Summonings
  1519 | D:9      | Reached skill level 3 in Necromancy
  1519 | D:9      | Reached skill level 3 in Translocations
  1519 | D:9      | Reached skill level 5 in Transmutations
  1519 | D:9      | Reached skill level 3 in Fire Magic
  1519 | D:9      | Reached skill level 3 in Ice Magic
  1519 | D:9      | Reached skill level 3 in Air Magic
  1519 | D:9      | Reached skill level 3 in Earth Magic
  1519 | D:9      | Reached skill level 3 in Poison Magic
  1519 | D:9      | Reached XP level 9. HP: 27/66 MP: 13/18
  1526 | D:10     | Entered Level 10 of the Dungeon
  1659 | D:9      | Reached ** piety under Cheibriados
  1659 | D:9      | Reached skill level 4 in Short Blades
  1659 | D:9      | Reached skill level 4 in Long Blades
  1659 | D:9      | Reached skill level 4 in Axes
  1659 | D:9      | Reached skill level 4 in Maces & Flails
  1659 | D:9      | Reached skill level 4 in Polearms
  1659 | D:9      | Reached skill level 4 in Staves
  1659 | D:9      | Reached skill level 4 in Slings
  1659 | D:9      | Reached skill level 4 in Bows
  1659 | D:9      | Reached skill level 4 in Crossbows
  1659 | D:9      | Reached skill level 4 in Throwing
  1659 | D:9      | Reached skill level 4 in Armour
  1659 | D:9      | Reached skill level 4 in Stealth
  1659 | D:9      | Reached skill level 4 in Shields
  1659 | D:9      | Reached skill level 4 in Evocations
  1800 | D:9      | Reached skill level 5 in Fighting
  1937 | D:10     | Reached skill level 8 in Unarmed Combat
  1977 | D:10     | Found a transporter.
  1989 | D:10     | Found a viscous altar of Jiyva.
  1990 | D:10     | Noticed an eye of devastation
  1990 | D:10     | Found a transporter.
  1998 | D:10     | Slain by a slime creature

Skill      XL: |  1  2  3  4  5  6  7  8  9 |
---------------+----------------------------+-----
Spellcasting   | 5 6 |  6.7
Invocations    | 1 2 3 4 |  4.9
Short Blades   | 1 2 3 4 |  4.4
Long Blades    | 1 2 3 4 |  4.4
Axes           | 1 2 3 4 |  4.4
Maces & Flails | 1 2 3 4 |  4.4
Polearms       | 1 2 3 4 |  4.4
Staves         | 1 2 3 4 |  4.4
Slings         | 1 2 3 4 |  4.4
Bows           | 1 2 3 4 |  4.4
Crossbows      | 1 2 3 4 |  4.4
Throwing       | 1 2 3 4 |  4.4
Armour         | 1 2 3 4 |  4.4
Stealth        | 1 2 3 4 |  4.4
Shields        | 1 2 3 4 |  4.4
Conjurations   | 1 2 3 |  3.6
Hexes          | 1 2 3 |  3.6
Charms         | 1 2 3 |  3.6
Summonings     | 1 2 3 |  3.6
Necromancy     | 1 2 3 |  3.6
Translocations | 1 2 3 |  3.6
Fire Magic     | 1 2 3 |  3.6
Ice Magic      | 1 2 3 |  3.6
Air Magic      | 1 2 3 |  3.6
Earth Magic    | 1 2 3 |  3.6
Poison Magic   | 1 2 3 |  3.6
Evocations     | 1 2 3 4 |  4.4
Fighting       | 3 4 5 |  5.2
Dodging        | 5 6 |  6.4
Unarmed Combat | 7 8 |  8.0
Transmutations | 4 5 |  5.3

Action                   |  1- 3 |  4- 6 |  7- 9 || total
-------------------------+-------+-------+-------++-------
Melee: Unarmed           |    42 |     9 |    91 ||   142
       Headbutt          |     2 |       |     5 ||     7
       Kick              |     4 |       |    24 ||    28
       Bite              |     2 |       |    15 ||    17
       Punch             |     2 |       |     8 ||    10
       Hand axe          |     8 |       |   137 ||   145
       Dagger            |       |       |     1 ||     1
 Fire: Blowgun           |       |       |     4 ||     4
Throw: Stone             |       |       |     3 ||     3
 Cast: Beastly Appendage |     9 |       |    12 ||    21
       Sticks to Snakes  |     2 |     1 |    20 ||    23
       Spider Form       |     1 |       |    10 ||    11
       Conjure Flame     |       |       |     2 ||     2
 Abil: End Transformatio |       |       |     1 ||     1
  Use: Scroll            |     4 |       |     8 ||    12
       Potion            |     3 |       |     7 ||    10
 Stab: Sleeping          |       |       |     4 ||     4
       Distracted        |       |       |     3 ||     3
  Eat: Ration            |       |       |     1 ||     1
Armor: Robe              |     6 |       |     2 ||     8
       Skin              |       |       |     2 ||     2
       Ring mail         |       |       |    17 ||    17
Dodge: Dodged            |    40 |    12 |   175 ||   227
Block: Other             |     3 |       |    50 ||    53
       Reflection        |       |       |     4 ||     4

Table legend:
 A = Turns spent in this place as a percentage of turns spent in the entire game.
 B = Non-inter-level travel turns spent in this place as a percentage of non-inter-level travel turns spent in the entire game.
 C = Inter-level travel turns spent in this place as a percentage of turns spent in this place.
 D = Turns resting spent in this place as a percentage of non-inter-level travel turns spent in this place.
 E = Turns spent auto-exploring this place as a percentage of non-inter-level travel turns spent in this place.
 F = Non-inter-level travel turns spent in this place divided by the number of levels of this place that you've seen.
                   A       B       C       D       E      F
               +-------+-------+-------+-------+-------+----------------------
         Total | 100.0 | 100.0 |   1.4 |   0.0 |   0.0 | 164.2
       Dungeon |  91.2 |  91.5 |   1.1 |   0.0 |   0.0 | 180.2
        Temple |   1.1 |   0.7 |  36.4 |   0.0 |   0.0 |  14.0
       Ossuary |   7.7 |   7.8 |   0.0 |   0.0 |   0.0 | 154.0
               +-------+-------+-------+-------+-------+----------------------

Table legend:
 A = Kills in this place as a percentage of kills in entire the game.
 B = Kills by you in this place as a percentage of kills by you in the entire game.
 C = Kills by friends in this place as a percentage of kills by friends in the entire game.
 D = Other kills in this place as a percentage of other kills in the entire game.
 E = Experience gained in this place as a percentage of experience gained in the entire game.
 F = Experience gained in this place divided by the number of levels of this place that you have seen.
                   A       B       C       D       E      F
               +-------+-------+-------+-------+-------+----------------------
         Total | 100.0 | 100.0 | 100.0 |   N/A | 100.0 | 329.8
       Dungeon |  86.3 |  85.6 | 100.0 |   N/A |  94.9 | 375.6
       Ossuary |  13.7 |  14.4 |   0.0 |   N/A |   5.1 | 201.0
               +-------+-------+-------+-------+-------+----------------------

Vault maps used:
D:1:      dpeg_arrival_pits
D:2:      chequers_ecumenical_altar_simple_redux
D:4:      old_standard_altar, temple_hall, enter_ossuary_5
D:5:      basic_altar, first_ration, minmay_misc_feat_five, minivault_23,
          minivault_25, uniq_pikel
D:7:      basic_altar, minmay_misc_feat_roman, uniq_prince_ribbit1,
          uniq_crazy_yiuf_cottage
D:8:      serial_shops, shop
D:9:      uniq_joseph
D:10:     gammafunk_jiyva_shrine, david_lair_shrubbed, uniq_fannar
Temple:   compressed_dpeg_circular_temple
Ossuary:  ossuary_tomb_3
